 Dungeon Crawl Stone Soup version 0.18-a0-824-g47fe746 (webtiles) character file.

53211 cluie the Destroyer (level 14, -9/111 HPs)
             Began as a Demonspawn Ice Elementalist on Dec 17, 2015.
             Was an Initiate of Gozag.
             Killed from afar by a fire giant (38 damage)
             ... with a bolt of fire
             ... on level 1 of the Orcish Mines.
             The game lasted 00:59:47 (19912 turns).

cluie the Destroyer (Demonspawn Ice Elementalist)  Turns: 19912, Time: 00:59:48

Health: -9/111     AC: 14    Str: 10    XL:     14   Next: 30%
Magic:  0/37       EV: 18    Int: 23    God:    Gozag
Gold:   1173       SH:  0    Dex: 14    Spells: 6 memorised, 15 levels left

rFire  . . .     SeeInvis .     B - +0 dire flail
rCold  + . .     Gourm    .     D - +2 robe {Archmagi}
rNeg   . . .     Faith    .     (shield currently unavailable)
rPois  .         Spirit   +     X - +2 helmet {Int+3}
rElec  .         Dismiss  .     E - +1 cloak
rCorr  .         Reflect  .     (no gloves)
SustAt .         Harm     .     u - +2 pair of boots
MR     +....                    (no amulet)
Stlth  ++........               J - ring of magical power
                                j - +1 ring of protection

@: about to teleport, somewhat resistant to hostile enchantments, unstealthy
A: talons 1, molten scales 1, cold resistance 1, powered by death 2, wild magic
1, magic shield, magic regeneration
a: Potion Petition, Call Merchant, Bribe Branch, Renounce Religion


You were on level 1 of the Orcish Mines.
You worshipped Gozag.
Gozag was noncommittal.
You were not hungry.

You visited 2 branches of the dungeon, and saw 16 of its levels.

You collected 4811 gold pieces.
You spent 919 gold pieces at shops.
You paid 2719 gold pieces to Gozag.

Inventory:

Hand Weapons
 v - a +0 blowgun
 B - a +0 dire flail (weapon)
 V - the +1 flail of the Unspeakable One {flame, +Fly rC+ Dex+4}
   (You bought it in a shop on level 13 of the Dungeon)

   It has been specially enchanted to burn those struck by it, causing extra
   injury to most foes and up to half again as much damage against particularly
   susceptible opponents.
   It affects your dexterity (+4).
   It protects you from cold.
   It lets you fly.
 Y - a +2 great mace of draining
Missiles
 i - 2 throwing nets (quivered)
 w - 51 poisoned needles
Armour
 u - a +2 pair of boots (worn)
 z - the +3 leather armour of the Comet {rF- Str+7}
   (You took it off a hobgoblin on level 4 of the Dungeon)

   It affects your strength (+7).
   It makes you vulnerable to fire.
 D - a +2 robe of the Archmagi (worn)
 E - a +1 cloak (worn)
 K - a +1 hat
 Q - the +5 ring mail of Jigsaw {rPois Int+2}
   (You found it on level 9 of the Dungeon)

   It affects your intelligence (+2).
   It protects you from poison.
 X - a +2 helmet of intelligence (worn)
Magical Staves
 a - an uncursed staff of wizardry
Jewellery
 j - a +1 ring of protection (left hand)
 F - an uncursed ring of sustain attributes
 J - a ring of magical power (right hand)
 O - an uncursed ring of teleportation
Wands
 r - a wand of teleportation (5)
 x - a wand of confusion (16)
 y - a wand of digging (12)
 C - a wand of fire (0)
 H - a wand of fire (0)
 I - a wand of heal wounds (6)
 T - a wand of polymorph (11)
Scrolls
 e - 4 scrolls of amnesia
 h - 3 scrolls of magic mapping
 l - 2 scrolls of enchant weapon
 m - 2 scrolls of remove curse
 W - a scroll of identify
Potions
 d - 2 potions of heal wounds
 f - 2 potions of might
 g - 7 potions of curing
 k - 2 potions of magic
 n - a potion of haste
 o - 2 potions of flight
 q - 2 potions of lignification
 s - 2 potions of brilliance
 A - 2 potions of resistance
 L - 2 potions of berserk rage
 R - 2 potions of agility
 Z - 2 potions of invisibility
Books
 b - a book of Frost

   Spells                             Type                      Level
   a - Freeze                         Ice                          1
   b - Throw Frost                    Conjuration/Ice              2
   c - Ozocubu's Armour               Charms/Ice                   3
   d - Throw Icicle                   Conjuration/Ice              4
   e - Summon Ice Beast               Ice/Summoning                4
   f - Condensation Shield            Ice                          4
 t - a Necronomicon

   Spells                             Type                      Level
   a - Haunt                          Necromancy/Summoning         7
   b - Borgnjor's Revivification      Necromancy                   8
   c - Death's Door                   Charms/Necromancy            8
   d - Necromutation                  Transmutation/Necromancy     8
 G - a book of Necromancy

   Spells                             Type                      Level
   a - Pain                           Necromancy                   1
   b - Animate Skeleton               Necromancy                   1
   c - Vampiric Draining              Necromancy                   3
   d - Regeneration                   Charms/Necromancy            3
   e - Animate Dead                   Necromancy                   4
   f - Control Undead                 Necromancy                   4
 P - a book of Enchantments

   Spells                             Type                      Level
   a - Cause Fear                     Hexes                        4
   b - Yara's Violent Unravelling     Hexes/Transmutation          5
   c - Silence                        Hexes/Air                    5
   d - Deflect Missiles               Charms/Air                   6
   e - Haste                          Charms                       6
   f - Discord                        Hexes                        8
Miscellaneous
 M - a lantern of shadows
Comestibles
 c - 3 bread rations
 p - 4 fruits
 S - a beef jerky


   Skills:
 + Level 10.3 Fighting
 + Level 8.2 Maces & Flails
 + Level 9.7 Dodging
 - Level 1.9 Stealth
 + Level 10.0 Spellcasting
 + Level 10.7 Conjurations
 - Level 4.0 Summonings
 + Level 10.4 Ice Magic


You had 15 spell levels left.
You knew the following spells:

 Your Spells              Type           Power        Failure   Level  Hunger
a - Freeze                Ice            ####         1%          1    None
b - Ozocubu's Armour      Chrm/Ice       ######..     5%          3    None
c - Summon Ice Beast      Ice/Summ       #######.     9%          4    #......
d - Throw Icicle          Conj/Ice       #######.     3%          4    #......
e - Throw Frost           Conj/Ice       ######       1%          2    None
f - Condensation Shield   Ice            #######...   3%          4    #......


Dungeon Overview and Level Annotations

Branches:
Dungeon (15/15)              Lair (0/8) D:11            Orc (1/2) D:12
 Vaults (0/5) D:13         Depths (0/5) D:15
 Temple: D:4-7

Altars:
Cheibriados
Dithmenos
Fedhas
Gozag
Kikubaaqudgha
Makhleb
Okawaru
Pakellas
Trog
Vehumet
Xom
Yredelemnul
Zin
The Shining One

Shops:
D:7 [   D:10 [   D:11 %   D:13 (   D:14 !   D:15 (


Innate Abilities, Weirdness & Mutations

You have sharp toenails.
You are partially covered in molten scales (AC +1).
Your flesh is cold resistant.
You regenerate health from kills.
When hurt, damage is shared between your health and your magic reserves.
You regenerate magic rapidly.
Your spells are a little harder to cast, but a little more powerful.


Message History

Casting: Summon Ice Beast
Confirm with . or Enter, or press ? or * to list all spells.
Aiming: Throw Icicle
Press: ? - help, Shift-Dir - straight line, f - fire giant
Aim: a fire giant, wielding a great sword of flaming You feel a surge of power!
The shard of ice hits the fire giant.
The fire giant is moderately wounded.
The cyclops throws a large rock.
The large rock hits you!! The fire giant casts a spell at you.
The bolt of fire hits you!
* * * LOW HITPOINT WARNING * * *
The cyclops throws a large rock.
The large rock completely misses you.
Evoke which item? (* to show all) (? for menu, Esc to quit)
Zapping:
I - a wand of heal wounds (7)
Press: ? - help, Shift-Dir - straight line, f - you, p - fire giant You feel much better.
This wand has 6 charges left.
The fire giant points at you and mumbles some strange words.
The bolt of fire hits you!
You die...
Your body crumbles into a pile of gold.

$ ########+###
############.......[([#
.....#)))))#.......$)$#
####.#)))))'.((.@...C.#
####'#######......C...#
........####..........#
).......)..'........C.#
........####..........#
######### ############


You could see a fire giant and 2 cyclopes.

Vanquished Creatures
  Gastronok (D:8)
  Maud (D:10)
  A dire elephant (D:15)
  Snorg (Orc:1)
  A vault guard (D:13)
  Josephine (D:12)
  4 hydras
  5 centaur warriors
  The ghost of PeterLawrence the Basher, a journeyman GrFi of Okawaru (D:11)
  An ogre mage (Orc:1)
  2 tengu warriors (D:14)
  Urug (D:13)
  The ghost of timbw the Grappler, a novice VSFi of Okawaru (D:11)
  3 unseen horrors
  A wizard (D:14)
  Pikel (D:6)
  A harpy (shapeshifter) (D:14)
  10 hill giants
  2 wolf spider zombies
  A mana viper (shapeshifter) (D:15)
  2 deep elf magi
  4 ugly things
  A harpy (D:13)
  A salamander (D:15)
  Maurice (D:12)
  4 cyclopes
  5 gargoyles
  3 kobold demonologists (D:12)
  4 tengu conjurers (D:14)
  3 komodo dragons
  2 two-headed ogres
  Grinder (D:6)
  4 trolls
  2 slime creatures (D:15)
  13 yaks
  A spriggan (D:9)
  2 wyverns
  A basilisk (D:14)
  5 wraiths
  3 hungry ghosts
  12 vampire mosquitoes
  Grum (D:7)
  7 wolves
  2 wargs (Orc:1)
  A mottled dragon (D:13)
  Duvessa (D:6)
  7 ice beasts
  An eye of draining (D:11)
  2 black bears
  3 slaves (D:7)
  A wasp (D:10)
  4 necrophages
  7 orc warriors
  11 ogres
  3 phantoms
  3 sky beasts
  7 centaurs
  4 crocodiles
  A big kobold (shapeshifter) (D:14)
  Blork the orc (D:6)
  13 giant frogs
  4 big kobolds
  5 scorpions
  6 wyvern skeletons
  6 killer bees (D:7)
  2 troll zombies (D:12)
  Dowan (D:6)
  11 wights
  6 crimson imps
  3 vampire bats
  7 orc priests
  2 centaur zombies
  A lava snake (Orc:1)
  A quasit (D:10)
  4 giant frog skeletons
  7 hounds
  10 jellies
  3 iguanas
  14 orc wizards
  3 centaur skeletons
  9 worker ants
  Natasha (thrice) (D:3)
  A killer bee zombie (D:9)
  3 sheep (D:12)
  4 ogre zombies (D:12)
  2 hound skeletons
  18 adders
  A gnoll (D:3)
  6 shadow imps
  2 oozes
  An adder zombie (D:5)
  A worm (D:3)
  9 giant geckos
  50 orcs
  2 bat skeletons (D:9)
  3 bat zombies (D:9)
  13 goblins
  6 hobgoblins
  9 jackals
  5 quokkas
  A ball python (D:3)
  13 bats
  6 giant cockroaches
  4 giant newts
  2 goblin skeletons (D:12)
  A goblin zombie (D:12)
  A hobgoblin skeleton (D:12)
  2 hobgoblin zombies (D:12)
  19 kobolds
  12 orc zombies (D:12)
  A quokka skeleton (D:4)
  A quokka zombie (D:4)
  6 rats
  A plant (Orc:1)
508 creatures vanquished.

Vanquished Creatures (collateral kills)
  Erolcha (D:8)
  4 hill giants (Orc:1)
  A vampire mosquito (D:15)
  A wolf (D:7)
  An ogre (D:5)
  2 adders (D:5)
10 creatures vanquished.

Vanquished Creatures (others)
  A slave (D:7)
  2 orc wizards
  2 adders (D:7)
  An orc (D:7)
  2 plants (D:11)
8 creatures vanquished.

Grand Total: 526 creatures vanquished

Notes
Turn   | Place    | Note
--------------------------------------------------------------
     0 | D:1      | cluie the Demonspawn Ice Elementalist began the quest for the Orb.
     0 | D:1      | Reached XP level 1. HP: 13/13 MP: 3/3
     0 | D:1      | that's ominous
     0 | D:1      | The demonspawn corpse of cluie.
     0 | D:1      | welp
     0 | D:1      | i hope i get powered by death and glaciate etc
     0 | D:1      | just so i can laugh at how wrong this vault is
     0 | D:1      | ...maybe
    84 | D:1      | wonder if the corpse lasts forever
    84 | D:1      | could i shatter the vault and eat it during my ascension?
   284 | D:1      | nah
   405 | D:1      | Reached skill level 3 in Ice Magic
   405 | D:1      | Gained mutation: When hurt, damage is shared between your health and your magic reserves. [demonic ancestry]
   405 | D:1      | Reached XP level 2. HP: 13/19 MP: 0/5
   502 | D:1      | eugh
   502 | D:1      | the magic shield one
   502 | D:1      | i guess if i survive i'll see how good it + pbd are
   502 | D:1      | if i get pbd
   502 | D:1      | i won't
   880 | D:2      | Found a shimmering altar of Xom.
   880 | D:2      | Found a shimmering altar of Xom.
   881 | D:2      | Found a shimmering altar of Xom.
  1127 | D:1      | Reached XP level 3. HP: 20/25 MP: 2/6
  1367 | D:2      | Found a shimmering altar of Xom.
  1376 | D:2      | Found a shimmering altar of Xom.
  1419 | D:2      | Reached skill level 1 in Fighting
  1558 | D:2      | Reached skill level 1 in Maces & Flails
  1558 | D:2      | Gained mutation: You regenerate a little health from kills. [demonic ancestry]
  1558 | D:2      | Reached XP level 4. HP: 25/32 MP: 3/7
  1560 | D:2      | oh god
  1560 | D:2      | ohh yesss
  1560 | D:2      | shame glaciate will suck
  1560 | D:2      | but i guess i could just learn darkness
  1560 | D:2      | But am i not getting a bit far?
  1855 | D:2      | Found an oddly glowing altar of Pakellas.
  1865 | D:2      | Found a shimmering altar of Xom.
  2216 | D:3      | Found a glowing golden altar of the Shining One.
  2222 | D:3      | Found an iron altar of Okawaru.
  2223 | D:3      | idk which god to go with these honestly
  2225 | D:3      | Found a shadowy altar of Dithmenos.
  2271 | D:3      | Noticed Natasha
  2287 | D:3      | for the end
  2287 | D:3      | I guess it'll be makh
  2287 | D:3      | or like chei
  2291 | D:3      | Killed Natasha
  2360 | D:3      | Gained mutation: You regenerate magic rapidly. [demonic ancestry]
  2360 | D:3      | Reached XP level 5. HP: 37/37 MP: 5/9
  2398 | D:3      | Learned a level 3 spell: Ozocubu's Armour
  2688 | D:3      | Found a snail-covered altar of Cheibriados.
  2780 | D:3      | Learned a level 4 spell: Summon Ice Beast
  3304 | D:3      | Noticed Natasha
  3305 | D:3      | i hope this guy gets augmentation, tbh
  3305 | D:3      | or at least passive freeze or black mar
  3314 | D:3      | Killed Natasha
  3333 | D:3      | Found a burning altar of Makhleb.
  3408 | D:3      | Found a snail-covered altar of Cheibriados.
  3717 | D:3      | Found an iron altar of Okawaru.
  3719 | D:3      | Found a glowing golden altar of the Shining One.
  3719 | D:3      | Found a shadowy altar of Dithmenos.
  3843 | D:3      | Noticed Natasha
  3847 | D:3      | Killed Natasha
  4502 | D:3      | Found a burning altar of Makhleb.
  4675 | D:4      | Found a glowing silver altar of Zin.
  4766 | D:4      | Reached skill level 1 in Summonings
  4766 | D:4      | Reached XP level 6. HP: 43/45 MP: 6/10
  4907 | D:4      | Found a blossoming altar of Fedhas.
  4913 | D:4      | Found a radiant altar of Vehumet.
  5036 | D:4      | Got a steaming leather armour
  5047 | D:4      | Identified the +3 leather armour of the Comet {rF- Str+7} (You took it off a hobgoblin on level 4 of the Dungeon)
  5047 | D:4      | rf-
  5047 | D:4      | gay
  5349 | D:5      | Entered Level 5 of the Dungeon
  5417 | D:5      | Reached skill level 4 in Ice Magic
  5460 | D:6      | Noticed Blork the orc
  5484 | D:6      | Killed Blork the orc
  5509 | D:6      | Reached XP level 7. HP: 29/52 MP: 1/12
  5634 | D:6      | Learned a level 4 spell: Throw Icicle
  5762 | D:7      | Noticed Pikel
  5815 | D:7      | fuck
  5840 | D:6      | Noticed Grinder
  5842 | D:6      | grinder??
  5842 | D:6      | fuck
  5864 | D:6      | Killed Grinder
  6054 | D:7      | Reached XP level 8. HP: 26/60 MP: 1/14
  6209 | D:6      | Found an iron altar of Okawaru.
  6233 | D:6      | Noticed Duvessa
  6410 | D:5      | Reached skill level 5 in Ice Magic
  6980 | D:5      | Reached skill level 5 in Fighting
  7023 | D:6      | Reached skill level 5 in Dodging
  7358 | D:6      | Gained mutation: Your spells are a little harder to cast, but a little more powerful. [potion of beneficial mutation]
  7361 | D:6      | uh
  7361 | D:6      | wild magic???
  7404 | D:6      | Noticed Dowan
  7433 | D:6      | Killed Dowan
  7433 | D:6      | Reached skill level 5 in Spellcasting
  7433 | D:6      | Reached XP level 9. HP: 68/68 MP: 10/16
  7452 | D:6      | ok sure crawl
  7452 | D:6      | s u r e
  7468 | D:6      | uh
  7719 | D:6      | Killed Duvessa
  7755 | D:6      | Learned a level 2 spell: Throw Frost
  7949 | D:6      | Killed Pikel
  7949 | D:6      | Reached skill level 6 in Ice Magic
  8087 | D:7      | Found an opulent altar of Gozag.
  8092 | D:7      | Became a worshipper of Gozag Ym Sagoz the Greedy
  8155 | D:7      | Found Oblouklegi's Antique Armour Shoppe.
  8162 | D:7      | Bought a steaming leather armour for 245 gold pieces
  8172 | D:7      | Identified the +2 leather armour "Tastrun" {rN+ Int-2 Slay+2} (You bought it in a shop on level 7 of the Dungeon)
  8469 | D:8      | Reached skill level 5 in Conjurations
  8785 | D:8      | Noticed Grum
  8839 | D:7      | Reached skill level 7 in Ice Magic
  8846 | D:7      | Killed Grum
  8875 | D:7      | Reached XP level 10. HP: 45/74 MP: 15/18
  8990 | D:8      | Noticed Erolcha
  9013 | D:8      | Killed Erolcha
  9438 | D:8      | Noticed Gastronok
  9544 | D:8      | Killed Gastronok
 10305 | D:9      | LEMUEL YOU MOTHERFUCKER
 10305 | D:9      | NOT THE JELLIES
 10460 | D:9      | Gained mutation: You regenerate health from kills. [demonic ancestry]
 10460 | D:9      | Reached XP level 11. HP: 36/83 MP: 9/21
 10850 | D:9      | Found an ancient bone altar of Kikubaaqudgha.
 10872 | D:9      | Got a shimmering ring mail
 10883 | D:9      | Identified the +5 ring mail of Jigsaw {rPois Int+2} (You found it on level 9 of the Dungeon)
 11083 | D:10     | Entered Level 10 of the Dungeon
 11159 | D:10     | Killed an unseen horror
 11159 | D:10     | Reached skill level 8 in Ice Magic
 11279 | D:10     | Noticed a centaur warrior
 11282 | D:10     | no
 11296 | D:10     | HP: 4/83 [centaur warrior (13)]
 11298 | D:10     | Killed a centaur warrior
 11299 | D:10     | not even the guided "Fuck you" missile of an OOD centaur warrior can kill me.
 11299 | D:10     | i'm invincible
 11299 | D:10     | bitches
 11535 | D:10     | Found a shadowy altar of Dithmenos.
 11602 | D:10     | Noticed a hill giant
 11609 | D:10     | Killed a hill giant
 11795 | D:11     | Noticed an eight-headed hydra
 11809 | D:11     | Killed an eight-headed hydra
 11886 | D:10     | Noticed Maud
 11887 | D:10     | uh
 11887 | D:10     | that's maud
 11887 | D:10     | ugh
 11893 | D:10     | that's maud with a might potion
 11893 | D:10     | ugh
 12455 | D:10     | Killed Maud
 12573 | D:10     | Learned a level 4 spell: Condensation Shield
 12714 | D:11     | Found a staircase to the Lair.
 12812 | D:11     | Reached skill level 5 in Maces & Flails
 12938 | D:11     | Noticed PeterLawrence's ghost (journeyman GrFi)
 12961 | D:11     | Killed PeterLawrence's ghost
 12974 | D:11     | How To Kill A Ghost 101
 13022 | D:10     | Bought a +2 helmet of intelligence for 344 gold pieces
 13087 | D:11     | Found Wiagg's Food Shop.
 13203 | D:11     | Noticed a hill giant
 13206 | D:11     | Noticed timbw's ghost (novice VSFi)
 13208 | D:11     | Killed a hill giant
 13208 | D:11     | Gained mutation: You have sharp toenails. [demonic ancestry]
 13208 | D:11     | Reached XP level 12. HP: 92/92 MP: 23/23
 13209 | D:11     | oh
 13209 | D:11     | talons
 13209 | D:11     | neato
 13226 | D:11     | Killed timbw's ghost
 13692 | D:12     | Noticed a five-headed hydra
 13699 | D:12     | Noticed Maurice
 13700 | D:12     | Killed a five-headed hydra
 13906 | D:12     | Reached skill level 9 in Ice Magic
 13964 | D:12     | Killed Maurice
 14230 | D:12     | Found a bloodstained altar of Trog.
 14435 | D:12     | Noticed Josephine
 14444 | D:12     | Killed Josephine
 15012 | D:12     | Found a staircase to the Orcish Mines.
 15397 | D:13     | Noticed a four-headed hydra
 15403 | D:13     | Killed a four-headed hydra
 15407 | D:13     | Bought an ancient flail for 255 gold pieces
 15407 | D:13     | Identified the cursed +1 flail of the Unspeakable One {flame, +Fly rC+ Dex+4} (You bought it in a shop on level 13 of the Dungeon)
 15483 | D:13     | Gained mutation: You are partially covered in molten scales (AC +1). [demonic ancestry]
 15483 | D:13     | Reached XP level 13. HP: 100/100 MP: 25/25
 15681 | D:13     | Noticed Urug
 15910 | D:13     | Killed Urug
 16189 | D:13     | Found a gate to the Vaults.
 16381 | D:13     | Bought a runed whip for 75 gold pieces
 16955 | D:14     | Reached skill level 10 in Conjurations
 17006 | D:14     | Found a basalt altar of Yredelemnul.
 17006 | D:14     | Found Kechyb's Distillery.
 17027 | D:14     | Reached skill level 10 in Ice Magic
 17798 | D:15     | Entered Level 15 of the Dungeon
 17862 | D:15     | Noticed a dire elephant
 17884 | D:15     | Killed a dire elephant
 18499 | D:15     | Found a staircase to the Depths.
 18522 | D:15     | Reached skill level 10 in Fighting
 18542 | D:15     | Gained mutation: Your flesh is cold resistant. [demonic ancestry]
 18542 | D:15     | Reached XP level 14. HP: 98/110 MP: 5/27
 18543 | D:15     | oooh
 18543 | D:15     | that's passive freeze
 18543 | D:15     | nice i guess
 18543 | D:15     | better than robust, since in zigs...
 18556 | D:15     | but it's not aug oh well!
 19131 | D:15     | Got a distressingly furry robe
 19132 | D:15     | Identified the +1 robe "Zurch" {Int+4} (You found it on level 15 of the Dungeon)
 19235 | Orc:1    | Entered Level 1 of the Orcish Mines
 19235 | Orc:1    | Noticed Snorg
 19283 | Orc:1    | Killed Snorg
 19764 | Orc:1    | Reached skill level 10 in Spellcasting
 19907 | Orc:1    | Noticed a fire giant
 19912 | Orc:1    | Killed from afar by a fire giant

Vault maps used:
D:1:      nicolae_arrival_memento_mori
D:2:      xom_redecorated, grunt_pakellas_sulfur, kennysheep_generic_room_13
D:3:      wad_river_or_something, overflow_temple_1_default,
          grunt_temple_overflow_diamond, lemuel_coloured_pillars_altar,
          first_bread, uniq_natasha
D:4:      fedhas_altar_3, overflow_temple_1_default, vehumet_altar_wand_db,
          minmay_temple_entry_glassed_door, roderic_batcave
D:6:      okawaru_trees_1, uniq_blork_the_orc, uniq_duvessa, uniq_grinder
D:7:      grunt_gozag_breadcrumbs, serial_shops, nicolae_shop_stone, uniq_pikel
D:8:      uniq_erolcha, uniq_grum, uniq_gastronok
D:9:      kennysheep_vampire_church, the_bakery, lemuel_jelly_drop
D:10:     nicolae_dithmenos_the_darkroom, uniq_maud
D:11:     david_lair_shrubbed, serial_shops, shop, minmay_misc_feat_five
D:12:     zombieorc1_lemuel, david_defended_altar_elf, uniq_maurice,
          uniq_josephine
D:13:     david_vaults_5, uniq_urug
D:14:     basic_altar, hangedman_abyss_or_decor_stagger, serial_shops, shop,
          st_stairs_6, spider_trap
D:15:     hangedman_depths_entry_try_elsewhere_first, grunt_decor_clamped
Orc:1:    giant_chief_lemuel, serial_shops, shop, nicolae_orc_lava_room,
          uniq_nergalle, uniq_snorg

Action                   |  1- 3 |  4- 6 |  7- 9 | 10-12 | 13-15 || total
-------------------------+-------+-------+-------+-------+-------++-------
Melee: Whip              |    43 |    79 |    78 |       |       ||   200
       Unarmed           |     1 |       |       |       |       ||     1
       Dagger            |    39 |   156 |       |       |       ||   195
       Trident           |       |       |   170 |       |       ||   170
       Flail             |       |       |    97 |  1264 |   117 ||  1478
       Rapier            |       |       |    26 |       |       ||    26
       Dire flail        |       |       |       |       |   602 ||   602
 Fire: Blowgun           |       |       |       |    16 |       ||    16
 Cast: Freeze            |    23 |    45 |   141 |   230 |    80 ||   519
       Ozocubu's Armour  |       |     4 |     8 |    11 |    11 ||    34
       Summon Ice Beast  |       |       |     9 |    11 |     7 ||    27
       Throw Icicle      |       |       |     6 |    50 |    73 ||   129
       Throw Frost       |       |       |       |    26 |    17 ||    43
       Condensation Shie |       |       |       |     3 |     3 ||     6
Invok: Call Merchant     |       |       |       |     2 |     1 ||     3
Evoke: Wand              |       |     4 |    10 |     3 |     9 ||    26
  Use: Potion            |     1 |       |     1 |     2 |       ||     4
       Scroll            |       |    13 |    10 |     7 |     5 ||    35
 Stab: Sleeping          |     4 |    15 |     1 |     7 |       ||    27
       Distracted        |       |       |     2 |     3 |     2 ||     7
  Eat: Chunk             |     2 |    11 |    15 |       |       ||    28
       Fruit             |       |     1 |     1 |     3 |     1 ||     6
       Meat ration       |       |       |       |     2 |     2 ||     4
       Beef jerky        |       |       |       |     1 |       ||     1
       Bread ration      |       |       |       |     4 |     3 ||     7
       Pizza             |       |       |       |     1 |     1 ||     2
